Map: Catalyst LE

Players

SpeCial - Winner!

  • Race: Terran Terran
  • Spawn Location: 5:00

Elazer

  • Race: Zerg Zerg
  • Spawn Location: 11:00

Event: WCS Austin 2018

VOD

Have the link to the VOD?

Description

Time

  • Played on: June 3, 2018, 3:04 p.m.
  • Length: 7:53

All games in this series

Show
View Real Time Build Order
Export as new Build Order

SpeCial Terran - Winner!

Build Orders: Reaper Expand, MMM Bio 

Get SALT Encoding   

  12  0:00  SCV  
  13  0:12  SCV  
  14  0:18  Supply Depot  
  14  0:24  SCV  
  15  0:40  Barracks, SCV  
  16  0:45  Refinery  
  16  0:52  SCV  
  17  1:04  SCV  
  18  1:16  SCV  
  19  1:29  Orbital Command, Reaper  
  20  1:42  Command Center  
  20  1:55  SCV  
  20  1:57  Supply Depot  
  20  2:01  Marine  
  22  2:09  Factory  
  22  2:10  SCV  
  23  2:18  Refinery  
  23  2:23  Barracks Reactor, SCV  
  24  2:35  SCV  
  25  2:47  SCV  
  26  2:54  Orbital Command  
  26  2:57  Starport  
  26  2:59  SCV  
  27  3:07  Hellion x2  
  27  3:09  Barracks Tech Lab  
  27  3:11  SCV  
  32  3:20  SCV  
  32  3:23  SCV  
  32  3:25  Supply Depot  
  34  3:30  Hellion x2  
  38  3:34  Viking  
  38  3:38  SCV x2  
  38  3:39  Stimpack  
  42  3:50  Supply Depot  
  42  3:51  Marine  
  42  3:54  SCV x2  
  45  4:06  SCV x2  
  45  4:08  Barracks, Factory Tech Lab  
  45  4:09  Starport Reactor, Marine  
  48  4:11  Barracks  
  48  4:14  Supply Depot  
  48  4:18  SCV x2  
  50  4:26  Siege Tank  
  50  4:27  Marine  
  50  4:30  SCV  
  50  4:31  SCV  
  56  4:37  Engineering Bay  
  56  4:40  Supply Depot  
  56  4:43  SCV x2  
  56  4:44  Marine  
  59  4:46  Refinery  
  59  4:55  Starport Reactor, SCV x2  
  61  5:00  Siege Tank  
  61  5:02  Marine, Supply Depot  
  65  5:07  Marine x4, SCV x2  
  65  5:10  Terran Infantry Weapons Level 1  
  71  5:20  Marine  
  72  5:21  SCV  
  72  5:23  SCV  
  72  5:25  Marine x3  
  72  5:26  Supply Depot  
  72  5:27  Refinery  
  77  5:32  Medivac x2, Marine  
  82  5:38  Marine  
  82  5:39  SCV x2  
  82  5:42  Combat Shields  
  85  5:43  Marine  
  85  5:47  Marine x2  
  88  5:55  Siege Tank  
  88  5:56  Marine x2  
  91  5:59  SCV  
  91  6:00  Marine, SCV  
  94  6:11  Supply Depot  
  94  6:13  Supply Depot  
  94  6:22  Supply Depot  
  94  6:31  Marine x5  
  94  6:32  Siege Tank  
  94  6:44  Medivac x2  
  95  6:49  Marine x5  
  92  7:04  Siege Tank  
  92  7:07  Marine x5  
  94  7:13  Command Center  
  95  7:23  SCV  
  95  7:24  SCV  
  95  7:25  Marine x5  
Show
View Real Time Build Order
Export as new Build Order

Elazer Zerg 

Build Orders: Hatch First 

Get SALT Encoding   

  12  0:00  Drone  
  13  0:12  Overlord  
  13  0:17  Drone  
  14  0:30  Drone x2  
  16  0:48  Hatchery  
  15  0:51  Drone  
  15  0:55  Drone  
  17  0:58  Drone  
  18  1:09  Extractor  
  17  1:13  Spawning Pool  
  17  1:17  Drone  
  17  1:20  Drone  
  18  1:27  Drone  
  19  1:38  Drone  
  20  1:49  Drone  
  21  2:00  Queen x2  
  25  2:01  Zergling x4  
  27  2:10  Overlord  
  27  2:12  Drone  
  28  2:16  Metabolic Boost  
  28  2:29  Drone x2  
  30  2:33  Zergling x2  
  30  2:34  Drone  
  30  2:35  Queen  
  33  2:39  Queen  
  35  2:53  Overlord  
  35  2:59  Drone  
  36  3:14  Drone x2  
  36  3:15  Drone x5  
  42  3:24  Zergling x2  
  42  3:25  Hatchery  
  42  3:27  Zergling x2  
  43  3:35  Queen, Extractor  
  43  3:36  Overlord  
  43  3:38  Overlord  
  45  3:54  Spore Crawler  
  45  3:55  Zergling x6  
  47  3:56  Drone x2  
  47  3:57  Drone  
  47  3:58  Drone  
  51  4:08  Overlord  
  51  4:09  Drone  
  52  4:12  Baneling Nest  
  52  4:13  Roach Warren  
  51  4:17  Queen  
  51  4:18  Extractor  
  51  4:20  Overlord  
  52  4:27  Overlord, Drone x3  
  52  4:29  Drone  
  56  4:36  Drone  
  57  4:42  Drone x2, Extractor  
  57  4:43  Evolution Chamber  
  57  4:45  Drone x3  
  60  4:55  Roach x3  
  60  4:59  Overlord  
  66  5:00  Overlord, Extractor  
  66  5:01  Drone x2  
  66  5:02  Evolution Chamber  
  66  5:05  Drone  
  66  5:07  Drone  
  68  5:15  Overlord, Zerg Ground Armor Level 1  
  68  5:17  Drone  
  68  5:19  Overlord  
  69  5:21  Lair  
  69  5:23  Drone  
  69  5:25  Drone x2  
  69  5:28  Drone  
  73  5:32  Drone x2  
  73  5:34  Drone  
  73  5:35  Drone x2  
  77  5:41  Zerg Melee Weapons Level 1  
  77  5:43  Drone x2  
  77  5:44  Drone  
  77  5:45  Drone  
  77  5:49  Drone x3  
  84  5:52  Drone  
  84  5:53  Drone  
  84  5:55  Drone  
  87  6:01  Baneling Nest, Drone x2  
  88  6:07  Zergling x12  
  88  6:09  Ravager x3  
  97  6:12  Extractor x2  
  97  6:13  Queen  
  97  6:16  Zergling x2  
  97  6:18  Overlord  
  97  6:19  Overlord  
  97  6:25  Overlord  
  97  6:29  Queen  
  93  6:34  Zergling x16  
  93  6:39  Zergling x6  
  100  6:40  Queen  
  100  6:44  Zergling x8  
  102  6:52  Zergling x4  
  102  6:54  Queen  
  98  6:55  Zergling x2  
  98  6:59  Zergling x2  
  98  7:00  Zergling x6  
  90  7:05  Zergling x2  
  90  7:06  Queen, Zergling x4  
  90  7:09  Zergling x4  
  90  7:13  Zergling x2  
  87  7:16  Queen  
  87  7:18  Zergling x2  
  87  7:23  Zergling x4  
  87  7:26  Zergling x6  
  92  7:33  Roach  
  92  7:34  Roach x4  
Tags
 
Add a new tag
Caveats
  • Supply blocks, unpowered buildings, or Contaminate may cause inaccurate times.
  • Supply counts are checked every 10 seconds.